 Dungeon Crawl Stone Soup version 0.22-a0-429-g97ce8ef (webtiles) character file.

6249 MisterFreud the Spear-Bearer (level 10, -4/73 HPs)
             Began as a Merfolk Gladiator on May 25, 2018.
             Was a Believer of Qazlal.
             Slain by an ogre
             ... wielding a +0 giant club
              (15 damage)
             ... on level 9 of the Dungeon.
             The game lasted 00:25:21 (8452 turns).

MisterFreud the Spear-Bearer (Merfolk Gladiator)    Turns: 8452, Time: 00:25:22

Health: -4/73      AC: 15    Str: 24    XL:     10   Next: 93%
Magic:  17/17      EV: 24    Int:  9    God:    Qazlal [**....]
Gold:   371        SH:  3    Dex: 21    Spells: 9/9 levels left

rFire    . . .     SeeInvis .   a - +0 trident
rCold    + . .     Gourm    .   (no shield)
rNeg     . . .     Faith    .   s - +6 scale mail of the Scribe {rC+ Dex+3}
rPois    .         Spirit   .   t - +0 helmet
rElec    .         Reflect  .   j - +0 cloak
rCorr    .         Harm     .   F - +0 pair of gloves
MR       .....                  (no boots)
Stlth    ..........             (no amulet)
HPRegen  0.22/turn              x - +5 ring of strength
MPRegen  0.15/turn              C - +6 ring of evasion

@: mighty, berserk cooldown, very slightly contaminated, slowed, very slow
A: change form in water, swift swim, stealthy swim
a: Upheaval, Renounce Religion


You were on level 9 of the Dungeon.
You worshipped Qazlal.
Qazlal was pleased with you.
You were hungry.

You visited 2 branches of the dungeon, and saw 10 of its levels.

You collected 371 gold pieces.

Inventory:

Hand Weapons
 a - a +0 trident (weapon)
Missiles
 d - 3 throwing nets (quivered)
Armour
 j - a +0 cloak (worn)
 s - the +6 scale mail of the Scribe (worn) {rC+ Dex+3}
   (You found it on level 4 of the Dungeon)

   It affects your dexterity (+3).
   It protects you from cold.
 t - a +0 helmet (worn)
 F - a +0 pair of gloves (worn)
Jewellery
 m - an uncursed ring of wizardry
 x - a +5 ring of strength (left hand)
 C - a +6 ring of evasion (right hand)
Wands
 n - a wand of clouds (3)
 p - a wand of paralysis (14)
 v - a wand of disintegration (12)
 A - a wand of iceblast (12)
 J - a wand of random effects (30)
Scrolls
 b - a scroll of fear {unknown}
 e - a scroll of blinking
 q - 2 scrolls of immolation {unknown}
 r - 2 scrolls of random uselessness {unknown}
 u - 2 scrolls of identify
 w - 5 scrolls of enchant armour {unknown}
 y - a scroll of remove curse
 z - 2 scrolls of amnesia
 E - 2 scrolls of magic mapping
 I - a scroll of teleportation
Potions
 c - a potion of agility
 g - a potion of flight
 h - 2 potions of lignification
 i - 3 potions of haste
 k - 2 potions of curing
 l - a potion of magic
 o - a potion of ambrosia {unknown}
 B - 2 potions of berserk rage
 D - 2 potions of resistance
 H - a potion of brilliance {unknown}
Comestibles
 f - 15 rations


   Skills:
 + Level 4.6 Fighting
 - Level 14.3 Polearms
 - Level 2.0 Throwing
 - Level 10.1 Dodging
 - Level 10.5 Invocations


You had 9 spell levels left.
You didn't know any spells.
Your spell library contained the following spells:

 Spells                   Type           Power        Failure   Level  Hunger
 Magic Dart               Conj           #...         71%         1    ##.....
 Conjure Flame            Conj/Fire      #.......     97%         3    ####...
 Slow                     Hex            #.......     85%         2    ###....
 Mephitic Cloud           Conj/Pois/Air  #.......     97%         3    ####...
 Blink                    Tloc           N/A          85%         2    ###....
 Call Imp                 Summ           #.......     85%         2    ###....


Dungeon Overview and Level Annotations

Branches:
Dungeon (9/15)             Temple (1/1) D:5            Lair (0/6) D:8
    Orc: D:9-12

Altars:
Ashenzari
Cheibriados
Dithmenos
Elyvilon
Fedhas
Gozag
Hepliaklqana
Kikubaaqudgha
Makhleb
Nemelex Xobeh
Okawaru
Qazlal
Ru
Sif Muna
Trog
Uskayaw
Vehumet
Wu Jian
Xom
Yredelemnul
Zin
The Shining One

Annotations:
D:8 Joseph; KristoblXynda's ghost, novice DrCj
D:9 Patate's ghost, journeyman GnSk


Message History

Evoke which item? (* to show all) (? for menu, Esc to quit)
Aiming: Random Effects
Press: ? - help, Shift-Dir - straight line, f - ogre
Aim: an ogre, wielding a giant club The bolt of poison hits the ogre.
The ogre is poisoned.
The ogre is heavily wounded.
The ogre misses you.
A bullfrog comes into view.
The ogre hits you with a giant club.
* * * LOW HITPOINT WARNING * * *
You completely miss the ogre.
The ogre is heavily wounded.
The ogre closely misses you. Patate's ghost hits you!
* * * LOW HITPOINT WARNING * * *
x2 Patate's ghost closely misses you.
The bullfrog hits you but does no damage.
The ogre looks more healthy.
The bullfrog completely misses you. You block the bullfrog's attack.
The ogre hits you with a giant club!
You die...

##################
......§.§.........
.......@OW<.......
........F.........
..................
...............(..
..................
..................
..................
#######..#########


You could see an ogre, a bullfrog and Patate's ghost.

Vanquished Creatures
  2 two-headed ogres (D:8)
  2 death yaks (D:8)
  Pikel (D:4)
  Eustachio (D:4)
  Edmund (D:4)
  Menkaure (D:4)
  The ghost of MisterFreud the Insei, an amateur OpTm (D:4)
  Duvessa (D:7)
  A water moccasin (D:7)
  2 black bears (D:6)
  An orc warrior (D:7)
  2 sky beasts
  An ice beast (D:6)
  A phantom (D:6)
  2 ogres
  The ghost of MisterFreud the Insei, an amateur OpTm (D:3)
  4 bullfrogs
  2 big kobolds (D:7)
  A scorpion (D:5)
  Dowan (D:7)
  A howler monkey (D:5)
  5 crimson imps
  A quasit (D:8)
  2 hounds (D:5)
  5 orc wizards
  2 orc priests
  5 iguanas
  8 worker ants
  A hound zombie (D:5)
  A hound skeleton (D:8)
  Robin (D:4)
  A worker ant zombie (D:5)
  11 adders
  3 shadow imps
  2 oozes
  5 worms
  4 dart slugs
  5 leopard geckos
  26 orcs
  4 bats
  9 giant cockroaches
  20 goblins
  14 hobgoblins
  23 jackals
  21 kobolds
  3 quokkas
  5 ball pythons
  5 frilled lizards
  A jackal zombie (D:5)
  A leopard gecko skeleton (D:4)
  A quokka skeleton (D:5)
  5 rats
  A butterfly (D:5)
231 creatures vanquished.

Vanquished Creatures (others)
  A howler monkey (D:4)
  2 orc wizards (D:4)
  An orc (D:4)
4 creatures vanquished.

Grand Total: 235 creatures vanquished

Notes
Turn   | Place    | Note
-------+----------+-------------------------------------------
     0 | D:1      | MisterFreud the Merfolk Gladiator began the quest for the Orb.
     0 | D:1      | Reached XP level 1. HP: 16/16 MP: 1/1
   115 | D:1      | Reached skill level 5 in Polearms
   115 | D:1      | Reached XP level 2. HP: 10/22 MP: 2/2
   644 | D:1      | Reached skill level 6 in Polearms
   644 | D:1      | Reached XP level 3. HP: 27/27 MP: 3/3
  1127 | D:2      | Reached skill level 7 in Polearms
  1127 | D:2      | Reached XP level 4. HP: 29/33 MP: 4/4
  1219 | D:2      | Found a basalt altar of Yredelemnul.
  1221 | D:2      | Found a shimmering altar of Xom.
  1221 | D:2      | Found a deep blue altar of Sif Muna.
  1223 | D:2      | Found a shimmering altar of Xom.
  1223 | D:2      | Found a shimmering altar of Xom.
  1223 | D:2      | Found a stormy altar of Qazlal.
  1694 | D:3      | Reached skill level 8 in Polearms
  1694 | D:3      | Reached XP level 5. HP: 35/38 MP: 5/5
  1714 | D:3      | Found a burning altar of Makhleb.
  1717 | D:3      | Found a shadowy altar of Dithmenos.
  1938 | D:3      | Found a sacrificial altar of Ru.
  2130 | D:3      | Noticed MisterFreud's ghost (amateur OpTm)
  2143 | D:3      | Killed MisterFreud's ghost
  2143 | D:3      | Reached skill level 9 in Polearms
  2273 | D:3      | Found a glowing golden altar of the Shining One.
  2593 | D:4      | Reached XP level 6. HP: 44/44 MP: 6/6
  2613 | D:4      | Noticed Edmund
  2637 | D:4      | Killed Edmund
  2637 | D:4      | Reached skill level 10 in Polearms
  2855 | D:4      | Noticed Eustachio
  3103 | D:4      | Killed Eustachio
  3103 | D:4      | Reached skill level 11 in Polearms
  3103 | D:4      | Reached XP level 7. HP: 45/50 MP: 7/7
  3182 | D:4      | Found an ornate altar of the Wu Jian Council.
  3197 | D:4      | Noticed Robin
  3226 | D:4      | Killed Robin
  3477 | D:4      | Got a slimy scale mail
  3488 | D:4      | Identified the +6 scale mail of the Scribe {rC+ Dex+3} (You found it on level 4 of the Dungeon)
  3529 | D:4      | Noticed Pikel
  3568 | D:4      | Killed Pikel
  3568 | D:4      | Reached skill level 13 in Polearms
  3568 | D:4      | Reached XP level 8. HP: 17/56 MP: 8/8
  3572 | D:4      | Noticed MisterFreud's ghost (amateur OpTm)
  3614 | D:5      | Entered Level 5 of the Dungeon
  3826 | D:4      | Killed MisterFreud's ghost
  3840 | D:4      | Noticed Menkaure
  3846 | D:4      | Killed Menkaure
  3846 | D:4      | Reached skill level 14 in Polearms
  4416 | D:5      | Reached skill level 5 in Dodging
  4453 | D:5      | Found a blossoming altar of Fedhas.
  4644 | D:5      | Found a staircase to the Ecumenical Temple.
  4830 | Temple   | Entered the Ecumenical Temple
  4989 | Temple   | Became a worshipper of Qazlal Stormbringer
  5316 | D:6      | Reached XP level 9. HP: 51/61 MP: 9/9
  5680 | D:6      | Reached * piety under Qazlal
  5685 | D:6      | Found a bloodstained altar of Trog.
  5696 | D:6      | Reached skill level 10 in Dodging
  5701 | D:6      | Reached skill level 1 in Invocations
  6020 | D:6      | Found a deep blue altar of Sif Muna.
  6172 | D:7      | Found a radiant altar of Vehumet.
  6591 | D:7      | Found a hazy altar of Hepliaklqana.
  6655 | D:7      | Reached skill level 5 in Invocations
  6681 | D:7      | Reached ** piety under Qazlal
  6685 | D:7      | Noticed Duvessa
  6687 | D:7      | Noticed Dowan
  6701 | D:7      | Killed Dowan
  7039 | D:7      | Killed Duvessa
  7039 | D:7      | Reached XP level 10. HP: 67/67 MP: 14/14
  7374 | D:8      | Noticed a two-headed ogre
  7386 | D:8      | Killed a two-headed ogre
  7410 | D:8      | Noticed a two-headed ogre
  7450 | D:8      | Noticed KristoblXynda's ghost (novice DrCj)
  7476 | D:8      | Noticed a death yak
  7483 | D:8      | Found a staircase to the Lair.
  7483 | D:8      | Noticed a death yak
  7483 | D:8      | Noticed a death yak
  7520 | D:8      | Noticed Joseph
  7987 | D:8      | Killed a two-headed ogre
  8419 | D:8      | Killed a death yak
  8419 | D:8      | Reached skill level 10 in Invocations
  8432 | D:8      | Killed a death yak
  8447 | D:9      | Noticed Patate's ghost (journeyman GnSk)
  8452 | D:9      | Slain by an ogre

Vault maps used:
D:1:      scummos_arrival_gate, serial_curves, eino_curves_03, eino_curves_03,
          hex_large, skrybe_limestone_x
D:2:      doesnt_xom_only_xom
D:3:      nicolae_ru_great_annihilating_truth, tso_altar,
          gammafunk_temple_overflow_pools
D:4:      kennysheep_little_box, uniq_robin, uniq_menkaure, uniq_eustachio,
          uniq_edmund, uniq_pikel
D:5:      minmay_temple_entry_butterflies, basic_altar, first_ration
D:6:      led_sif_pool, trog_ov_bears_minmay
D:7:      lemuel_crystal_altar, lemuel_crystal_altar, uniq_duvessa
D:8:      dpeg_lair_monsters, kennysheep_generic_room_11, uniq_joseph
Temple:   minmay_temple_bridge_abc

Skill      XL: |  1  2  3  4  5  6  7  8  9 10 |
---------------+-------------------------------+-----
Polearms       | 5 6 7 8 9 11 13 14 | 14.3
Dodging        | 7 10 | 10.1
Invocations    | 6 10 | 10.5
Fighting       | 4 |  4.6
Throwing       | |  2.0

Action                   |  1- 3 |  4- 6 |  7- 9 | 10-12 || total
-------------------------+-------+-------+-------+-------++-------
Melee: Trident           |   116 |   220 |   589 |   199 ||  1124
       Tailslap          |       |       |       |     1 ||     1
Throw: Throwing net      |       |     2 |       |       ||     2
Evoke: Wand              |       |       |     1 |     3 ||     4
  Use: Scroll            |       |     8 |     3 |    12 ||    23
       Potion            |       |     1 |     2 |     4 ||     7
 Stab: Sleeping          |     1 |     5 |     1 |       ||     7
       Distracted        |     1 |       |       |       ||     1
       Paralysed         |       |     2 |       |       ||     2
       Invisible         |       |     1 |       |       ||     1
       Held in net/web   |       |     1 |       |       ||     1
  Eat: Chunk             |       |     7 |    12 |     5 ||    24
Armor: Leather armour    |    35 |    24 |     3 |       ||    62
       Skin              |       |     6 |    16 |       ||    22
       Scale mail        |       |       |    99 |    64 ||   163
Dodge: Dodged            |    58 |   113 |   241 |   138 ||   550
Block: Other             |       |       |    10 |    30 ||    40

Table legend:
 A = Spawn XP
 B = Non-spawn XP
 C = Spawn XP percentage of total XP
 D = Spawn monster count
 E = Non-spawn monster count
 F = Spawn count percentage of total count
 G = Total turns spent on level
                    A         B        C        D         E        F      G
               +---------+---------+-------+---------+---------+-------+---------
         Total |       0 |    8928 |   0.0 |       0 |     230 |   0.0 |  8452
               +---------+---------+-------+---------+---------+-------+---------
           D:1 |       0 |      55 |   0.0 |       0 |      30 |   0.0 |   982
           D:2 |       0 |      96 |   0.0 |       0 |      25 |   0.0 |   651
           D:3 |       0 |     166 |   0.0 |       0 |      27 |   0.0 |  1088
           D:4 |       0 |    1625 |   0.0 |       0 |      30 |   0.0 |  1442
           D:5 |       0 |     401 |   0.0 |       0 |      26 |   0.0 |   961
           D:6 |       0 |    1238 |   0.0 |       0 |      27 |   0.0 |   867
           D:7 |       0 |    1377 |   0.0 |       0 |      47 |   0.0 |  1415
           D:8 |       0 |    3970 |   0.0 |       0 |      18 |   0.0 |   855
               +---------+---------+-------+---------+---------+-------+---------
